 Dungeon Crawl Stone Soup version 0.24-a0-232-g49d9ff8 (webtiles) character file.

Game seed: 16691206397485209086

1779 Ijustatesigmund the Chopper (level 9, -1/61 HPs)
             Began as an Octopode Fighter on Apr 4, 2019.
             Was a Follower of Cheibriados.
             Slain by an orc warrior
             ... wielding a +0 flail
              (20 damage)
             ... on level 7 of the Dungeon.
             The game lasted 00:10:59 (6523 turns).

Ijustatesigmund the Chopper (Octopode Fighter)      Turns: 6523, Time: 00:11:00

Health: -1/61      AC:  2    Str: 18    XL:     9   Next: 8%
Magic:  15/15      EV: 14    Int: 14    God:    Cheibriados [*.....]
Gold:   337        SH: 10    Dex: 17    Spells: 7/8 levels left

rFire    . . .     SeeInvis .   a - +0 war axe
rCold    . . .     Gourm    .   b - +0 shield
rNeg     . . .     Faith    .   (helmet restricted)
rPois    .         Spirit   .   (no amulet)
rElec    .         Reflect  .   n - ring of resist corrosion
rCorr    +         Harm     .   (no ring)
MR       .....                  (no ring)
Stlth    +++.......             (no ring)
HPRegen  0.20/turn              (no ring)
MPRegen  0.14/turn              (no ring)
                                (no ring)
                                (no ring)

@: very slow
A: almost no armour, stealthy swim, amphibious, 8 rings, constrict 8, camouflage
1, deterioration 1, high mp 2, shaggy fur 1, gelatinous body 1
a: Bend Time, Renounce Religion


You were on level 7 of the Dungeon.
You worshipped Cheibriados.
Cheibriados was aware of your devotion.
You were not hungry.

You visited 2 branches of the dungeon, and saw 8 of its levels.

You collected 337 gold pieces.

Inventory:

Hand Weapons
 a - a +0 war axe (weapon)
 j - a +2 hunting sling of velocity
 m - a +3 morningstar of freezing
Missiles
 k - 67 sling bullets
Armour
 b - a +0 shield (worn)
Jewellery
 n - a ring of resist corrosion (left tentacle)
Scrolls
 f - 6 scrolls of teleportation
 g - a scroll of identify
 h - 5 scrolls of remove curse
 o - 3 scrolls of fog
 p - 2 scrolls of amnesia
Potions
 c - a potion of cancellation
 e - a potion of heal wounds
 i - 2 potions of brilliance
 l - 2 potions of lignification
 q - 3 potions of curing
 r - a potion of ambrosia {unknown}
 s - a potion of degeneration {unknown}
 t - a potion of mutation
Comestibles
 d - 15 rations
 u - a chunk of flesh


   Skills:
 - Level 5.0 Fighting
 + Level 7.1 Axes
 - Level 1.5 Slings
 - Level 5.0 Dodging
 - Level 2.5 Stealth
 - Level 5.0 Shields
 + Level 5.1 Invocations


You had 7 spell levels left.
You knew the following spells:

 Your Spells              Type           Power        Failure   Level  Hunger
a - Magic Dart            Conj           #...         71%         1    ##.....

Your spell library contained the following spells:

 Spells                   Type           Power        Failure   Level  Hunger
 Corona                   Hex            #......      71%         1    ##.....
 Flame Tongue             Conj/Fire      #....        71%         1    ##.....
 Ensorcelled Hibernation  Hex/Ice        #.....       83%         2    ###....
 Searing Ray              Conj           #.....       83%         2    ###....
 Throw Flame              Conj/Fire      #.....       83%         2    ###....
 Confuse                  Hex            #.......     97%         3    ####...
 Conjure Flame            Conj/Fire      #.......     97%         3    ####...
 Dazzling Spray           Conj/Hex       #.....       97%         3    ####...
 Inner Flame              Hex/Fire       #.......     97%         3    ####...
 Tukima's Dance           Hex            #.......     97%         3    ####...
 Force Lance              Conj/Tloc      #.......     100%        4    #####..
 Fulminant Prism          Conj/Hex       #.........   100%        4    #####..
 Iskenderun's Mystic Bla  Conj           #.......     100%        4    #####..
 Sticky Flame             Conj/Fire      #.......     100%        4    #####..
 Fireball                 Conj/Fire      #.........   100%        5    ######.


Dungeon Overview and Level Annotations

Branches:
Dungeon (7/15)             Temple (1/1) D:5

Altars:
Ashenzari
Cheibriados
Dithmenos
Elyvilon
Fedhas
Gozag
Hepliaklqana
Kikubaaqudgha
Makhleb
Nemelex Xobeh
Sif Muna
Wu Jian
Xom
Yredelemnul
Zin
The Shining One


Innate Abilities, Weirdness & Mutations

You cannot wear most types of armour.
You are very stealthy in the water. (Stealth+)
You are amphibious.
You can wear up to eight rings at the same time.
You can use your tentacles to constrict eight enemies at once.
Your skin changes colour to match your surroundings (Stealth+).
Your rubbery body absorbs attacks. (AC +1, EV +1)
Your body sometimes deteriorates upon taking damage.
You have a considerably increased reservoir of magic. (+20% MP)
You are covered in fur. (AC +1)


Message History

The magic dart hits you! The orc wizard closely misses you.
You closely miss the orc wizard. You grab the orc wizard.
You squeeze the orc wizard!
The orc wizard is heavily wounded.
You hit the orc wizard. You hit the orc. You closely miss the orc warrior.
You constrict the orc wizard. The orc wizard casts a spell at you.
The magic dart hits you!
You slash the orc warrior! You grab the orc warrior.
The orc warrior is severely wounded.
You slash the orc wizard! You closely miss the orc. You hit the orc wizard.
You closely miss the orc.
You constrict the orc warrior, but do no damage.
You constrict the orc wizard.
You kill the orc wizard!
Cheibriados thoroughly appreciates the change of pace.
The orc barely misses you. You block the orc's attack.
The orc wizard hits you with a +0 dagger.
The orc warrior hits you with a +0 flail!!
You die...

.....####'#######
.....##..†......#
#+#####.........# .
.#####.........#+####..
........)####..........
########).# #........#
.......)..# #........#
..........# #.o)o....#
..........# #.o@o....#
..........# #........#
..........####........#
..................#####
........###########
........# .......
##+###


You could see an orc warrior, an orc wizard and 2 orcs.

Vanquished Creatures
  Menkaure (D:5)
  Duvessa (D:7)
  An orc warrior (D:7)
  2 necrophages
  A bullfrog (D:6)
  Dowan (D:7)
  8 wights (D:7)
  3 crimson imps
  A hound (D:6)
  4 jellies
  7 orc wizards
  An iguana (D:7)
  6 worker ants
  A hound skeleton (D:5)
  A worker ant zombie (D:6)
  4 adders
  9 oozes
  2 adder skeletons (D:4)
  4 worms
  3 dart slugs
  A leopard gecko (D:4)
  15 orcs
  2 ball pythons
  6 giant cockroaches
  12 goblins
  6 hobgoblins
  5 jackals
  A quokka (D:5)
  7 bats
  12 frilled lizards
  A jackal skeleton (D:4)
  11 kobolds
  4 rats
144 creatures vanquished.

Vanquished Creatures (others)
  3 fungi (D:3)
  4 toadstools (D:3)
7 creatures vanquished.

Grand Total: 151 creatures vanquished

Notes
Turn   | Place    | Note
-------+----------+-------------------------------------------
     0 | D:1      | Ijustatesigmund the Octopode Fighter began the quest for
                  | the Orb.
     0 | D:1      | Reached XP level 1. HP: 16/16 MP: 1/1
   280 | D:1      | Reached XP level 2. HP: 20/21 MP: 2/2
  1143 | D:2      | Reached XP level 3. HP: 26/26 MP: 3/3
  1447 | D:2      | Reached skill level 3 in Axes
  1520 | D:2      | Reached XP level 4. HP: 31/31 MP: 4/4
  1828 | D:3      | Reached XP level 5. HP: 36/36 MP: 5/5
  2235 | D:3      | Reached skill level 4 in Axes
  2235 | D:3      | Reached XP level 6. HP: 26/43 MP: 6/6
  3156 | D:4      | Gained mutation: You have an increased reservoir of magic.
                  | (+10% MP) [potion of mutation]
  3156 | D:4      | Gained mutation: You are covered in fur. (AC +1) [potion of
                  | mutation]
  3156 | D:4      | Gained mutation: Your body sometimes deteriorates upon
                  | taking damage. [potion of mutation]
  3156 | D:4      | Gained mutation: You have a considerably increased
                  | reservoir of magic. (+20% MP) [potion of mutation]
  3654 | D:5      | Entered Level 5 of the Dungeon
  3799 | D:5      | Noticed Menkaure
  3809 | D:5      | Killed Menkaure
  3809 | D:5      | Reached XP level 7. HP: 26/48 MP: 8/8
  4176 | D:5      | Found a staircase to the Ecumenical Temple.
  4182 | Temple   | Entered the Ecumenical Temple
  4192 | Temple   | Became a worshipper of Cheibriados the Contemplative
  4376 | D:5      | Reached skill level 1 in Stealth
  4634 | D:6      | Reached skill level 5 in Axes
  4637 | D:6      | Reached skill level 1 in Slings
  4729 | D:6      | Learned a level 1 spell: Magic Dart
  4740 | D:6      | Reached XP level 8. HP: 54/54 MP: 9/9
  4815 | D:6      | Reached * piety under Cheibriados
  4819 | D:6      | Reached skill level 1 in Invocations
  5161 | D:7      | Reached skill level 5 in Fighting
  5161 | D:7      | Reached skill level 5 in Dodging
  5161 | D:7      | Reached skill level 5 in Shields
  5575 | D:7      | Reached skill level 6 in Axes
  5599 | D:7      | Noticed Dowan
  5601 | D:7      | Noticed Duvessa
  5605 | D:7      | Killed Dowan
  5612 | D:7      | Killed Duvessa
  6328 | D:7      | Reached skill level 7 in Axes
  6328 | D:7      | Reached XP level 9. HP: 32/61 MP: 15/15
  6334 | D:7      | Reached skill level 5 in Invocations
  6523 | D:7      | Slain by an orc warrior

Levels and vault maps discovered:
D:1:      dpeg_arrival_more_subterranean_lakeside_camping, layout_basic
D:2:      layout_basic, kennysheep_generic_room_4
D:3:      cheibrodos_fertilizer, layout_basic
D:4:      layout_loops_corners
D:5:      layout_gridville, minmay_temple_entry_enclosed_plants, first_ration,
          uniq_menkaure
D:6:      layout_cave_pools
D:7:      layout_basic, hangedman_abyss_or_decor_jellyfish_corner,
          nicolae_qazlal_general_emergency, uniq_duvessa
Temple:   dpeg_three_leaves_temple

Skill      XL: |  1  2  3  4  5  6  7  8  9 |
---------------+----------------------------+-----
Axes           | 3 4 5 7 |  7.1
Dodging        | 4 5 |  5.0
Shields        | 4 5 |  5.0
Fighting       | 4 5 |  5.0
Stealth        | 2 |  2.5
Slings         | 1 |  1.5
Invocations    | 4 5 |  5.1

Action                   |  1- 3 |  4- 6 |  7- 9 || total
-------------------------+-------+-------+-------++-------
Melee: War axe           |    63 |   115 |    99 ||   277
       Constrict         |    18 |    26 |    28 ||    72
       Tentacles         |    12 |    24 |    28 ||    64
 Fire: Hunting sling     |       |    12 |     9 ||    21
Invok: Bend Time         |       |       |     1 ||     1
  Use: Scroll            |     5 |     9 |     3 ||    17
       Potion            |       |     3 |     2 ||     5
 Stab: Sleeping          |     4 |    11 |     6 ||    21
       Distracted        |       |       |     1 ||     1
  Eat: Chunk             |     2 |     6 |     4 ||    12
       Ration            |       |     1 |       ||     1
Armor: Skin              |    11 |     4 |     4 ||    19
Dodge: Dodged            |    32 |    55 |    52 ||   139
Block: Shield            |    34 |    34 |    38 ||   106

Table legend:
 A = Non-vault XP
 B = Vault XP
 C = Vault XP percentage of total XP
 D = Non-vault monster count
 E = Vault monster count
 F = Vault count percentage of total count
                 A         B        C        D         E       F
            +---------+---------+-------+---------+---------+-------
      Total |    2051 |     491 |  19.3 |     124 |      20 |  13.9
            +---------+---------+-------+---------+---------+-------
        D:1 |      33 |       0 |   0.0 |      20 |       0 |   0.0
        D:2 |      74 |       1 |   1.3 |      25 |       1 |   3.8
        D:3 |     146 |     144 |  49.7 |      22 |      16 |  42.1
        D:4 |      86 |       0 |   0.0 |      18 |       0 |   0.0
        D:5 |     189 |     154 |  44.9 |       9 |       1 |  10.0
        D:6 |     532 |       0 |   0.0 |      12 |       0 |   0.0
        D:7 |     991 |     192 |  16.2 |      18 |       2 |  10.0
            +---------+---------+-------+---------+---------+-------
